 Dungeon Crawl Stone Soup version 0.14-a0-2592-g262d02f (webtiles) character file.

263 RedPan the Cudgeler (level 5, -6/32 HPs)
             Began as a Gargoyle Fighter on Feb 12, 2014.
             Killed by nerve-wracking pain
             ... invoked by an orc priest
              (8 damage)
             ... on Level 3 of the Dungeon.
             The game lasted 00:06:19 (2821 turns).

RedPan the Cudgeler (Gargoyle Fighter)              Turns: 2821, Time: 00:06:19

HP  -6/32        AC 12     Str 21      XL: 5   Next: 33%
MP   5/5         EV  6     Int 10      God:
Gold 112         SH 18     Dex  9      Spells:  0 memorised,  4 levels left

rFire  . . .     SeeInvis .     a - +0 mace
rCold  . . .     Clarity  .     b - +0 scale mail
rNeg   + . .     Conserve .     c - +0 shield
rPois  +         rCorr    .     (no helmet)
rElec  +         rRot     +     (no cloak)
SustAb . .       Spirit   .     v - +0 pair of gloves
rMut   .         Warding  .     (no boots)
Saprov . . .     Stasis   .     (no amulet)
MR     .....                    (no ring)
                                j - +2 ring of intelligence

@: not resistant to hostile enchantments, extremely unstealthy
A: life protection 1, electricity resistance, unbreathing, petrification
resistance, AC +4
a: no special abilities


You were on level 3 of the Dungeon.
You were not hungry.

You visited 1 branch of the dungeon, and saw 3 of its levels.

You collected 112 gold pieces.

Inventory:

Hand weapons
 a - a +0,+0 mace (weapon)
Armour
 b - a +0 scale mail (worn)
 c - a +0 shield (worn)
 v - a +0 pair of gloves (worn)
Comestibles
 d - 3 bread rations
 i - a pear
 k - 3 meat rations
 B - 3 apples
 D - a honeycomb
Scrolls
 e - a scroll of remove curse
 f - 2 scrolls of blinking {unknown}
 g - a scroll of curse armour {unknown}
 h - 6 scrolls of identify {unknown}
 m - a scroll of recharging {unknown}
 o - a scroll of immolation {unknown}
 p - 2 scrolls of enchant weapon II {unknown}
 s - a scroll of magic mapping {unknown}
 w - a scroll of random uselessness {unknown}
Jewellery
 j - a +2 ring of intelligence (left hand)
 l - an uncursed ring of ice
Potions
 n - 2 potions of blood
 q - a potion of resistance {unknown}
 r - a potion of curing {unknown}
 t - a potion of heal wounds {unknown}
 u - a potion of speed {unknown}
 x - a potion of brilliance {unknown}


   Skills:
 - Level 3.2 Fighting
 + Level 5.9 Maces & Flails
 - Level 3.2 Armour
 - Level 3.2 Shields


You had 4 spell levels left.
You didn't know any spells.

Dungeon Overview and Level Annotations

Branches:
Dungeon (3/16)

Altars:
Dithmenos


Innate Abilities, Weirdness & Mutations

You are resistant to torment.
You are immune to poison.
Your stone body is very resilient (AC +4).
You resist negative energy.
You are resistant to electric shocks.
You can survive without breathing.
You are immune to petrification.


Message History

The orc hits you but does no damage.
You sock the orc priest!
The orc priest is heavily wounded.
The orc hits you with an orcish short sword.
* * * LOW HITPOINT WARNING * * *
You block the orc priest's attack.
You sock the orc priest!
The orc priest is almost dead.
You block the orc's attack. You block the orc priest's attack.
The orc hits you with an orcish short sword.
* * * LOW HITPOINT WARNING * * *
You hit the orc priest but do no damage.
The orc priest is almost dead.
The orc priest barely misses you. You block the orc's attack.
All of the chunks of flesh in your inventory have completely rotted away.
You barely miss the orc priest.
The orc priest is almost dead.
The orc priest invokes the aid of Beogh against you.
Pain shoots through your body!
You die...

..#..##.##.##.# #....#..#......#.
###........##.# #...##.#.........
####%##.#####.###.).##...........
.###.##.# #.##....(#######.#.##
..##.##.. ..##.......# ###.##
..##.#### #####.#.#...# #.#.
.....# #...#.#.....# #... .#####
#...oo......# #### ##
#...#@..#..... # ##o##.......#
#.##.......# #.###..###.# ###o#
..# # ###...# ... #.....# #.#.
#.......# ... #..o....#


You could see an orc priest and an orc.

Vanquished Creatures
  An orc wizard (D:3)
  4 adders (D:3)
  2 worms
  3 giant geckos
  2 oozes
  6 orcs (D:3)
  2 giant cockroaches (D:3)
  6 goblins
  8 hobgoblins
  A quokka (D:2)
  8 bats
  A giant newt (D:1)
  10 jackals
  8 kobolds
  6 rats
68 creatures vanquished.

Notes
Turn   | Place    | Note
--------------------------------------------------------------
     0 | D:1      | RedPan, the Gargoyle Fighter, began the quest for the Orb.
     0 | D:1      | Reached XP level 1. HP: 14/14 MP: 1/1
   124 | D:1      | Reached XP level 2. HP: 13/19 MP: 2/2
   708 | D:1      | Reached XP level 3. HP: 23/23 MP: 3/3
  1000 | D:1      | Reached skill level 4 in Maces & Flails
  1752 | D:2      | Reached XP level 4. HP: 26/28 MP: 4/4
  2211 | D:3      | Reached skill level 5 in Maces & Flails
  2392 | D:3      | Reached XP level 5. HP: 20/32 MP: 5/5
  2645 | D:3      | Found a shadowy altar of Dithmenos.
  2819 | D:3      | HP: 1/32 [orc/orcish short sword (1)]
  2821 | D:3      | Killed from afar by an orc priest

Action                   |  1- 3 |  4- 6 || total
-------------------------+-------+-------++-------
Melee: Mace              |   142 |   122 ||   264
  Use: Scroll            |     1 |       ||     1
